 Dungeon Crawl Stone Soup version 0.29.1-13-g9f3cf754e1 (webtiles) character file.

Game seed: 963380472279109444

4 OTABOTABOTAB the Shooter (level 1, 10/16 HPs)
             Began as a Formicid Hunter on Jan 30, 2023.
             Quit the game on level 1 of the Dungeon.
             The game lasted 00:00:19 (70 turns).

OTABOTABOTAB the Shooter (Formicid Hunter)            Turns: 70, Time: 00:00:20

Health: 10/16      AC:  3    Str: 15    XL:     1   Next: 66%
Magic:  1/1        EV: 12    Int:  8    God:
Gold:   7          SH:  0    Dex: 17    Spells: 0/0 levels left

rFire   . . .      SeeInvis +   a - +0 shortbow
rCold   . . .      Faith    .   (no shield)
rNeg    . . .      Spirit   .   c - +0 leather armour
rPois   .          Reflect  .   (helmet unavailable)
rElec   .          Harm     .   (no cloak)
rCorr   .          Rampage  .   (no gloves)
Will    .....                   (no boots)
Stlth   ++........              (no amulet)
HPRegen 0.05/turn               (no ring)
MPRegen 0.07/turn               (no ring)

@: no status effects
A: permanent stasis, dig shafts and tunnels, antennae 3, four strong arms
a: Dig, Shaft Self


You were on level 1 of the Dungeon.
You visited 1 branch of the dungeon, and saw 1 of its levels.

You collected 7 gold pieces.

Inventory:

Hand Weapons
 a - a +0 shortbow (weapon)
Armour
 c - a +0 leather armour (worn)
Scrolls
 K - a scroll of immolation {!r}


   Skills:
 + Level 2.3 Fighting
 * Level 4.1 Ranged Weapons
 + Level 1.8 Dodging
 - Level 1.2 Stealth


You couldn't memorise any spells.
You didn't know any spells.
Your spell library was empty.

Dungeon Overview and Level Annotations

Branches:
Dungeon (1/15)

Altars:


Innate Abilities, Weirdness & Mutations

You cannot be hasted, slowed, berserked, paralysed or teleported.
You can dig through walls and to a lower floor.
You have a pair of large antennae on your head. (SInv)
Your four strong arms can wield two-handed weapons with a shield.


Message History

Bad channel name for runrest: 'Jiyva says: Divide and consume' Welcome, OTABOTABOTAB the Formicid Hunter.
The Orb of Zot is coveted for many reasons.
Will you seize it for your own?
Found an escape hatch in the floor.
Found a staircase leading out of the dungeon.
You sense a monster nearby.
You sense a monster nearby.
You now have 7 gold pieces.
You sense a monster nearby.
A rat comes into view.
A rat is nearby!
You shoot an arrow. The arrow hits the rat!
You kill the rat!
No target in view!
No target in view!
You sense a monster nearby.
You see here a +0 dagger.
A goblin comes into view. It is wielding a +0 club.
The goblin shouts!
You shoot an arrow. The arrow hits the goblin.
A rat comes into view.
A hobgoblin comes into view.
You shoot an arrow. The arrow closely misses the goblin.
The goblin barely misses you.
There are monsters nearby!
You shoot an arrow. The arrow barely misses the goblin.
The goblin closely misses you. The goblin hits you with a +0 club.
You take 2 damage, and have 14/16 hp.
You shoot an arrow. The arrow hits the goblin.
You kill the goblin!
The rat twitches its whiskers.
You shoot an arrow. The arrow hits the rat.
You kill the rat!
You shoot an arrow.
The arrow completely misses the hobgoblin.
The hobgoblin barely misses you.
You shoot an arrow. The arrow hits the hobgoblin.
The hobgoblin barely misses you.
You shoot an arrow. The arrow hits the hobgoblin.
The hobgoblin hits you but does no damage.
You shoot an arrow.
The arrow hits the hobgoblin but does no damage.
The hobgoblin hits you.
The hobgoblin hits you but does no damage.
You take 1 damage, and have 14/16 hp.
You shoot an arrow. The arrow barely misses the hobgoblin.
The hobgoblin closely misses you.
You shoot an arrow.
The arrow hits the hobgoblin but does no damage.
The hobgoblin hits you but does no damage.
You shoot an arrow. The arrow barely misses the hobgoblin.
The hobgoblin hits you. x2
You take 4 damage, and have 10/16 hp.
MASSIVE DAMAGE!!
You shoot an arrow.
The arrow hits the hobgoblin but does no damage.
The hobgoblin misses you.
You shoot an arrow.
The arrow hits the hobgoblin but does no damage.
The hobgoblin misses you. The hobgoblin closely misses you.
Fire: a) +0 shortbow
Aim: a hobgoblin (almost dead, 63% to hit)
You shoot an arrow. The arrow hits the hobgoblin.
You kill the hobgoblin!
Fire: a) +0 shortbow Really target yourself?
Okay, then.
Unknown command.

.#.........#
#..####..#
........#..# #..#
#..#
.#......#..####..#
#..#
...######........#
#..# ..
#........####..#
#............. {
#..###........
#..# #)..†....
#..# #@.#####.
#..# #).# #...
...# ..†.# .....#
.##...# .. #...#
#. .....


There were no monsters in sight!

Vanquished Creatures
  A goblin (D:1)
  A hobgoblin (D:1)
  2 rats (D:1)
4 creatures vanquished.

Notes
Turn   | Place    | Note
-------+----------+-------------------------------------------
     0 | D:1      | OTABOTABOTAB the Formicid Hunter began the quest for the
                  | Orb.
     0 | D:1      | Reached XP level 1. HP: 16/16 MP: 1/1
    70 | D:1      | Quit the game

Illustrated notes

Levels and vault maps discovered:
D:1:      dpeg_arrival_boxorama, layout_rooms

Action                   || total
-------------------------++-------
 Fire: Shortbow          ||    16
Armor: Leather armour    ||     3
Dodge: Dodged            ||     8

Table legend: (Time is in decaauts)
 A = Elapsed time spent in this place.
 B = Non-inter-level travel time spent in this place.
 C = Inter-level travel time spent in this place.
 D = Time resting spent in this place.
 E = Time spent auto-exploring this place.
 F = Levels seen in this place.
 G = Mean time per level.
                   A        B        C        D        E       F      G
               +--------+--------+--------+--------+--------+-----+--------+
         Total |     75 |     75 |      0 |      0 |     48 |   1 |   75.0 |
       Dungeon |     75 |     75 |      0 |      0 |     48 |   1 |   75.0 |
               +--------+--------+--------+--------+--------+-----+--------+

Top non-repeatable levels by time:
     D:1: 75 daAuts

Table legend:
 A = Kills in this place as a percentage of kills in entire the game.
 B = Kills by you in this place as a percentage of kills by you in the entire game.
 C = Kills by friends in this place as a percentage of kills by friends in the entire game.
 D = Other kills in this place as a percentage of other kills in the entire game.
 E = Experience gained in this place as a percentage of experience gained in the entire game.
 F = Experience gained in this place divided by the number of levels of this place that you have seen.
                   A       B       C       D       E      F
               +-------+-------+-------+-------+-------+----------------------
         Total | 100.0 | 100.0 |   N/A |   N/A | 100.0 |   6.0
       Dungeon | 100.0 | 100.0 |   N/A |   N/A | 100.0 |   6.0
               +-------+-------+-------+-------+-------+----------------------
